Nobbs, chaotic male elven Wizard -------- ------ |<|>.u.---....| |^|-.@`.......| |^||.```|.....| |.||.%..|.....| |.|------.----| |.| |......| |.------......| |......)......| |..-----......| ---- -------- Nobbs the Thaumaturge Experience level: 8 Strength: 13 Dexterity: 12 Constitution: 16 Intelligence: 19 Wisdom: 15 Charisma: 11 Health: 0(53) Energy: 80(85) Def: 1 Gold: 262 Moves: 9905 Dungeon seed: KevkuQmtvuJgMejx Game ID: Nobbs_1510426575 Your Inventory: Coins $ - 262 gold pieces Wands b - a wand of create monster (0:12) r - a cursed wand of cancellation (0:5) u - a wand of magic missile (0:6) x - a wand of slow monster (0:6) E - a wand of striking (0:5) P - a cursed wand of lightning (0:5) S - a wand of speed monster (0:4) Weapons a - a blessed +1 quarterstaff (weapon in hands) Armor e - a blessed +0 cloak of magic resistance (being worn) N - an uncursed +0 cloak of invisibility Comestibles l - an uncursed lizard corpse W - 2 uncursed tripe rations Scrolls k - an uncursed scroll of light o - a cursed scroll of identify p - an uncursed scroll of teleportation q - a cursed scroll of create monster t - an uncursed scroll of enchant weapon y - an uncursed scroll of earth z - a cursed scroll of earth X - 4 uncursed scrolls of blank paper Potions f - an uncursed potion of healing Rings c - an uncursed ring of shock resistance d - an uncursed ring of fire resistance m - an uncursed ring of protection from shape changers v - an uncursed ring of polymorph control w - an uncursed ring of fire resistance D - an uncursed ring of levitation F - a cursed ring of slow digestion Z - a cursed +2 ring of gain strength Tools n - an uncursed wooden flute s - an uncursed towel A - an uncursed sack L - a cursed magic lamp M - an uncursed magic lamp Q - 9 uncursed tallow candles (0:200) Contents of the sack: 6 uncursed scrolls of blank paper a cursed scroll of blank paper a cursed scroll of confuse monster an uncursed scroll of destroy armor 2 uncursed scrolls of enchant weapon an uncursed scroll of fire an uncursed scroll of genocide a blessed scroll of identify 3 uncursed scrolls of identify 3 cursed scrolls of identify an uncursed scroll of magic mapping a cursed scroll of remove curse a cursed scroll of taming an uncursed scroll of teleportation a cursed spellbook of detect monsters a blessed spellbook of force bolt an uncursed spellbook of magic missile an uncursed spellbook of wizard lock an uncursed potion of blindness 2 cursed potions of extra healing an uncursed potion of fruit juice a cursed potion of full healing an uncursed potion of gain energy an uncursed potion of healing a cursed potion of invisibility an uncursed potion of levitation an uncursed potion of paralysis a cursed potion of speed a potion of unholy water 2 uncursed potions of water Spells and supernatural/magical abilities: Name Level Category Fail Memory a - force bolt 1 attack 0% 51% d - dig 5 matter 100% 79% h - healing 1 healing 0% 80% j - jumping 1 escape 0% 54% m - magic missile 2 attack 0% 66% u - confuse monster 2 enchantment 0% 75% v - clairvoyance 3 divination 71% 80% w - wizard lock 2 matter 37% 60% E - detect food 2 divination 37% 51% K - cure sickness 3 healing 71% 80% M - magic mapping 5 divination 100% 80% R - restore ability 4 healing 96% 79% W - pray for help -- divine ? -- Your skills at the end: Fighting Skills Weapon Skills quarterstaff [Basic] Spellcasting Skills attack spells [Skilled] enchantment spells [Basic] Final Attributes: You were piously aligned. You were fire resistant. You were sleep resistant. You were poison resistant. You were magic-protected. You were telepathic. You had infravision. You are dead. Vanquished creatures: a human mummy a quivering blob 2 gnome kings 2 lizards a dust vortex a raven a plains centaur a gnome mummy 2 human zombies a soldier ant 5 fire ants an imp 13 Mordor orcs an orc shaman a rock piercer 2 rock moles a shrieker a violet fungus 6 gnome lords 3 gnomish wizards a golden naga hatchling a gray ooze an elf zombie a straw golem 4 paper golems a giant ant 4 floating eyes 2 kittens 13 dwarves 4 homunculi a kobold lord 6 hill orcs 6 rothes a centipede 2 giant bats 2 monkeys 2 orc zombies 5 dwarf zombies a werejackal 3 iguanas 5 coyotes 2 gas spores 3 large kobolds 4 hobgoblins a giant rat 5 cave spiders a brown mold a green mold 2 red molds 29 gnomes a gnome zombie 4 geckos a jackal a fox 4 kobolds 5 goblins 3 sewer rats 8 lichens a kobold zombie 9 newts 198 creatures vanquished. Voluntary challenges: You used a wielded weapon 97 times, starting on turn 17. You read items or engraved 1449 times, starting on turn 346. You never genocided any monsters. You never polymorphed an object. You never changed form. You used no wishes. You never split a pudding. You wrote Elbereth's name 1305 times, starting on turn 346. You violated your moral code, losing 52 points of alignment, starting on turn 2860. Dungeon overview: The Dungeons of Doom: levels 1 to 7 Level 1 a long staircase Level 2 a bookstore, a fountain stairs to The Gnomish Mines Level 3 an altar to Thoth, a fountain Level 4 a scroll shop, a fountain Level 5 many fountains Level 6 stairs to Sokoban Level 7 a fountain The Gnomish Mines: levels 3 to 6 Level 3 stairs to The Dungeons of Doom Level 4 Level 5 Level 6 many shops, a temple to Thoth, some fountains Sokoban: Level 5 <- You were here stairs to The Dungeons of Doom History has recorded: On T:1 you entered the Dungeons of Doom to retrieve the Amulet of Yendor! On T:266 you reached level 2 of The Dungeons of Doom. On T:292 you reached level 3 of The Dungeons of Doom. On T:345 you reached level 1 of The Gnomish Mines. On T:759 you advanced to experience level 2. On T:952 you advanced to experience level 3. On T:1230 you reached level 4 of The Dungeons of Doom. On T:1403 you reached level 5 of The Dungeons of Doom. On T:1648 you advanced to experience level 4. On T:2478 you advanced to experience level 5. On T:2798 you reached level 2 of The Gnomish Mines. On T:3115 you reached level 3 of The Gnomish Mines. On T:3189 you advanced to experience level 6. On T:3577 you reached level 4 of The Gnomish Mines. On T:5930 you advanced to experience level 7. On T:8523 you advanced to experience level 8. On T:8820 you reached level 6 of The Dungeons of Doom. On T:8988 you reached level 7 of The Dungeons of Doom. On T:9366 you reached level 4 of Sokoban. Score breakdown: Gold: 262 ( 8231 points) Experience: 8 levels (14739 points) Exploration: 7 levels ( 15.22%) (10954 points) Discoveries: 27 items ( 9.78%) ( 9383 points) Valuables value: (no points given unless you survive) Artifact value: 0 ( 0 points) Variety of kills: 60 monsters ( 15.75%) (11905 points) Turncount: 9905 turns (-2364 points) Survival: died (score multiplied by 80%) Total score: 42278 Latest messages: The gray unicorn butts! The gray unicorn kicks! The gray unicorn butts! The gray unicorn kicks! You hit the gray unicorn! You miss the gray unicorn. You write in the dust with your fingers. You add to the writing in the dust with your fingers. (9x) With great effort you move the boulder. The gray unicorn butts! The gray unicorn kicks! The gray unicorn butts! The gray unicorn kicks! You write in the dust with your fingers. The gray unicorn butts! The gray unicorn kicks! The gray unicorn butts! The gray unicorn kicks! The gray unicorn butts! The gray unicorn kicks! The gray unicorn butts! You die... Final status: Goodbye Nobbs the Wizard, killed by a gray unicorn... You died in Sokoban on dungeon level 5 with 42278 points, and 262 pieces of gold, after 9905 moves. You were level 8 with a maximum of 53 hit points when you died.